 Dungeon Crawl Stone Soup version 0.27-a0-124-g19cb506db8 (webtiles) character file.

Game seed: 14279049716808931435

183 tsouns the Covert (level 5, -1/28 HPs)
             Began as a Spriggan Delver on Jan 25, 2021.
             Slain by a centaur (4 damage)
             ... on level 5 of the Dungeon.
             The game lasted 00:01:01 (325 turns).

tsouns the Covert (Spriggan Delver)                  Turns: 325, Time: 00:01:02

Health: -1/28      AC:  2    Str:  8    XL:     5   Next: 35%
Magic:  6/6        EV: 20    Int: 13    God:
Gold:   18         SH:  0    Dex: 17    Spells: 4/4 levels left

rFire    . . .     SeeInvis +   a - +0 short sword
rCold    . . .     Faith    .   (shield restricted)
rNeg     . . .     Spirit   .   b - +0 robe
rPois    .         Reflect  .   (helmet restricted)
rElec    .         Harm     .   (no cloak)
rCorr    .         Rampage  .   (gloves unavailable)
Will     .....                  (boots unavailable)
Stlth    ++++......             (no amulet)
HPRegen  0.09/turn              (no ring)
MPRegen  0.10/turn              (no ring)

@: very quick
A: very small, unfitting armour, see invisible, speed 3
a: no special abilities


You were on level 5 of the Dungeon.
You visited 1 branch of the dungeon, and saw 2 of its levels.

You collected 18 gold pieces.

Inventory:

Hand Weapons
 a - a +0 short sword (weapon)
Armour
 b - a +0 robe (worn)
Wands
 g - a wand of digging (3)
Scrolls
 c - a scroll of fog
 d - a scroll of magic mapping
 e - 2 scrolls of fear
Potions
 f - a potion of haste
 h - 2 potions of curing {unknown}


   Skills:
 + Level 3.2 Fighting
 + Level 3.6 Short Blades
 + Level 4.8 Dodging
 + Level 8.4 Stealth


You had 4 spell levels left.
You didn't know any spells.
Your spell library was empty.

Dungeon Overview and Level Annotations

Branches:
Dungeon (6/15)
 Temple: D:4-7

Altars:

Annotations:
D:6 Dowan, Duvessa, Edmund


Innate Abilities, Weirdness & Mutations

You are very small and have problems with some larger weapons.
You are too small for most types of armour.
You have supernaturally acute eyesight. (SInv)
You cover ground extremely quickly.


Message History

Something unseen opens the door.
You hit the centaur.
The centaur is lightly wounded.
The centaur unwields a +0 shortbow.
The centaur completely misses you.
You hit the centaur but do no damage.
The centaur is lightly wounded.
The centaur hits you!
* * * LOW HITPOINT WARNING * * *
You hit the centaur.
The centaur is moderately wounded.
The centaur hits you.
* * * LOW HITPOINT WARNING * * *
The centaur misses you.
You barely miss the centaur.
The centaur is moderately wounded.
The centaur completely misses you.
You hit the centaur but do no damage.
The centaur is moderately wounded.
The centaur hits you.
You die...

#... #.## #.#
#.# #.# #.##
#... ...#######
#### .......@>#
..#######c###
..####......#
............#
............#
............###
##............#
#............#
..............#


You could see a centaur.

Vanquished Creatures
  A centaur (D:5)
  2 howler monkeys
  A worker ant (D:6)
  A dart slug (D:5)
  A leopard gecko (D:5)
  A quokka (D:5)
7 creatures vanquished.

Notes
Turn   | Place    | Note
-------+----------+-------------------------------------------
     0 | D:5      | tsouns the Spriggan Delver began the quest for the Orb.
     0 | D:5      | Reached XP level 1. HP: 11/11 MP: 2/2
     8 | D:6      | Noticed a howler monkey
    15 | D:6      | Killed a howler monkey
    16 | D:6      | Reached XP level 2. HP: 16/16 MP: 3/3
    16 | D:6      | Reached XP level 3. HP: 19/19 MP: 4/4
    41 | D:6      | Noticed Edmund
    41 | D:6      | Noticed Dowan
    41 | D:6      | Noticed Duvessa
    69 | D:5      | Noticed a centaur
    74 | D:5      | Killed a centaur
    75 | D:5      | Reached skill level 8 in Stealth
    75 | D:5      | Reached XP level 4. HP: 24/24 MP: 5/5
    75 | D:5      | Reached XP level 5. HP: 28/28 MP: 6/6
   289 | D:5      | Noticed a centaur
   325 | D:5      | Slain by a centaur

Illustrated notes

Levels and vault maps discovered:
D:5:      layout_basic, minmay_temple_entry_mist
D:6:      layout_gridville, uniq_edmund, uniq_duvessa, uniq_maggie

Skill      XL: |  1  2  3 |
---------------+----------+-----
Short Blades   | 3 |  3.6
Dodging        | 4 |  4.8
Fighting       | 3 |  3.2
Stealth        | 8 |  8.4

Action                   |  1- 3 |  4- 6 || total
-------------------------+-------+-------++-------
Melee: Short sword       |     3 |    30 ||    33
 Stab: Sleeping          |     3 |     1 ||     4
       Distracted        |       |     1 ||     1
Dodge: Dodged            |       |    24 ||    24

Table legend: (Time is in decaauts)
 A = Elapsed time spent in this place.
 B = Non-inter-level travel time spent in this place.
 C = Inter-level travel time spent in this place.
 D = Time resting spent in this place.
 E = Time spent auto-exploring this place.
 F = Levels seen in this place.
 G = Mean time per level.
                   A        B        C        D        E       F      G
               +--------+--------+--------+--------+--------+-----+--------+
         Total |    240 |    240 |      0 |      0 |    152 |   2 |  120.0 |
       Dungeon |    240 |    240 |      0 |      0 |    152 |   2 |  120.0 |
               +--------+--------+--------+--------+--------+-----+--------+

Top non-repeatable levels by time:
     D:5: 207 daAuts
     D:6: 33 daAuts
